General information
- name: BNet
- type: Ladder 1vs1/FFA
- host: Battle.net
- saver: LW-Stupidus
map: EchoIsles
- players: 2
- length: 42:46
- speed: Fast
- version: 1.23 W3XP
- replay type: Public
» download(146 KB)
Players
team 1 (loser)
zE.tRuSt (
green | 77 APM | 3269 actions | 42:42)
4 Blademaster
2 Wind Walk
2 Critical Strike
4 Shadow Hunter
2 Hex
2 Healing Wave
» actions
| Assign group hotkey | 4 | |
| Basic commands | 5 | |
| Build / train | 74 | |
| Enter build submenu | 27 | |
| Enter hero's abilities submenu | 8 | |
| Give item / drop item | 12 | |
| Remove unit from queue | 5 | |
| Right click | 2134 | |
| Select / deselect | 791 | |
| Use ability | 209 | |
3269 total
» units
| Peon | 9 | |
| Grunt | 7 | |
| Raider | 7 | |
| Demolisher | 2 | |
| Spirit Walker | 3 | |
| Troll Headhunter/Berserker | 4 | |
32 total
» upgrades
| Pillage | 1 | |
| Ensnare | 1 | |
| Berserker Strength | 1 | |
| Spirit Walker Training | 1 | |
| Armor | 1 | |
| Reinforced Defenses | 1 | |
6 total
» buildings
| Altar of Storms | 1 | |
| Orc Burrow | 7 | |
| Barracks | 1 | |
| Voodoo Lounge | 2 | |
| War Mill | 1 | |
| Stronghold | 1 | |
| Watch Tower | 8 | |
| Beastiary | 2 | |
| Spirit Lodge | 1 | |
| Fortress | 1 | |
25 total
» build order
00:07 Altar of Storms
00:20 Orc Burrow
00:37 Barracks
01:36 Orc Burrow
02:02 Voodoo Lounge
03:23 War Mill
03:23 Stronghold
04:09 Orc Burrow
05:19 Watch Tower
06:20 Watch Tower
06:22 Watch Tower
07:45 Watch Tower
07:50 Voodoo Lounge
08:31 Watch Tower
08:38 Beastiary
10:29 Spirit Lodge
11:26 Watch Tower
11:27 Watch Tower
13:34 Orc Burrow
14:36 Watch Tower
15:00 Orc Burrow
16:21 Fortress
17:38 Beastiary
18:52 Orc Burrow
18:53 Orc Burrow
» items
| Circlet of Nobility | 1 | |
| Dust of Appearance | 1 | |
| Boots of Speed | 3 | |
| Healing Salve | 7 | |
| Lesser Clarity Potion | 6 | |
| Potion of Healing | 1 | |
| Claws of Attack +6 | 2 | |
| Potion of Mana | 1 | |
22 total
team 2 (winner)
LW-Stupidus (
orange | 86 APM | 3681 actions | 42:46)
5 Demon Hunter
2 Mana Burn
3 Evasion
4 Beastmaster
2 Summon Quilbeast
2 Summon Hawk
» actions
| Assign group hotkey | 78 | |
| Basic commands | 180 | |
| Build / train | 96 | |
| Enter build submenu | 19 | |
| Enter hero's abilities submenu | 9 | |
| Give item / drop item | 3 | |
| Remove unit from queue | 3 | |
| Right click | 2241 | |
| Select / deselect | 533 | |
| Select group hotkey | 342 | |
| Use ability | 177 | |
3681 total
» units
| Wisp | 31 | |
| Archer | 1 | |
| Druid of the Talon | 7 | |
| Chimaera | 13 | |
| Faerie Dragon | 1 | |
| Ogre Mauler | 1 | |
| Glaive Thrower | 2 | |
56 total
» upgrades
| Druid of the Talon Training | 2 | |
| Corrosive Breath | 1 | |
| Ultravision | 1 | |
| Strength of the Moon | 0 | |
| Strength of the Wild | 2 | |
| Nature's Blessing | 1 | |
7 total
» buildings
| Altar of Elders | 1 | |
| Moon Well | 8 | |
| Ancient of War | 1 | |
| Tree of Ages | 1 | |
| Ancient of Wind | 2 | |
| Ancient of Wonders | 1 | |
| Tree of Eternity | 1 | |
| Tree of Life | 2 | |
| Chimaera Roost | 2 | |
| Hunter's Hall | 1 | |
20 total
» build order
00:07 Altar of Elders
00:16 Moon Well
00:34 Ancient of War
01:36 Moon Well
02:39 Tree of Ages
05:25 Ancient of Wind
05:28 Ancient of Wind
05:46 Moon Well
06:55 Ancient of Wonders
07:48 Tree of Eternity
09:31 Tree of Life
11:21 Chimaera Roost
12:45 Chimaera Roost
13:32 Moon Well
13:38 Moon Well
14:19 Moon Well
21:35 Hunter's Hall
21:38 Moon Well
21:38 Moon Well
23:09 Tree of Life
» items
| Boots of Speed | 1 | |
| Staff of Teleportation | 1 | |
| Potion of Healing | 3 | |
| Staff of Preservation | 1 | |
| Orb of Venom | 1 | |
| Moonstone | 1 | |
| Scroll of Town Portal | 1 | |
| Scroll of Healing | 1 | |
10 total
Chat log
(22:25 / All) LW-Stupidus: having fun?
(26:25 / All) LW-Stupidus: la de da
(27:18 / All) LW-Stupidus: thouroughly enjoying myself
(28:12 / All) LW-Stupidus: im sick
(29:41 / All) LW-Stupidus: lol
(31:29 / All) LW-Stupidus: oh i have another chim
(35:30 / All) LW-Stupidus: yes
(35:33 / All) LW-Stupidus: go ahead
(36:21 / All) LW-Stupidus: going for dinner cya
(42:13 / All) LW-Stupidus: ?:)